[Event "*** Titled Tuesday 3|2 Blitz"]
[Site "Chess.com"]
[Date "2015.12.01"]
[Round "2"]
[White "AndroQueen"]
[Black "oggy1984"]
[Result "1-0"]
[WhiteElo "2272"]
[BlackElo "2202"]
[TimeControl "180+2"]
[EndTime "11:21:14 PST"]
[Termination "AndroQueen won by resignation"]

1. e4 c5 2. Nf3 e6 3. d4 cxd4 4. Nxd4 Nf6 5. Nc3 d6 6. f4 a6 7. Qf3 Qc7 8. Be3 b5 9. a3 Bb7 10. Bd3 Nbd7 11. g4 Nb6 12. g5 Nfd7 13. h4 Be7 14. h5 Nc4 15. Bxc4 Qxc4 16. O-O-O d5 17. exd5 Bxa3 18. bxa3 Qxc3 19. Rd3 Qc7 20. g6 Bxd5 21.
gxf7+ Kxf7 22. Qh3 Nc5 23. Rc3 Bxh1 24. Nxe6 Qd6 25. Ng5+ Ke8 26. Qxh1 Rc8 27. Bxc5 Rxc5 28. Qa8+ Ke7 29. Qa7+ Ke8 30. Qxc5 Qxc5 31. Rxc5 Kd7 32. Rf5 h6 33. Ne4 Ke6 34. Re5+ Kd7 35. Nc5+ Kc6 36. Nxa6 Rf8 37. Nb4+ Kb6 38. f5 Ka5 39. Nd3 Ka4 40. Kb2 Rf7 41. Re4+ Ka5 42. Rf4 Rc7 43. f6 gxf6 44.
Rxf6 1-0

[Event "*** Titled Tuesday 3|2 Blitz"]
[Site "Chess.com"]
[Date "2015.12.01"]
[Round "2"]
[White "jefferyx"]
[Black "abhijeetgupta1016"]
[Result "1-0"]
[WhiteElo "2558"]
[BlackElo "2397"]
[TimeControl "180+2"]
[EndTime "11:21:15 PST"]
[Termination "jefferyx won by resignation"]

1. b4 e5 2. a3 d5 3. Bb2 Nd7 4.
e3 Ngf6 5. Nf3 Bd6 6. d4 Qe7 7. c4 c6 8. Nc3 O-O 9. cxd5 cxd5 10. dxe5 Nxe5 11. Nxd5 Nxd5 12. Qxd5 Be6 13. Qd4 f6 14. Be2 Rfd8 15. Qh4 Ng6 16. Qe4 f5 17. Qd4 a5 18.
bxa5 Rxa5 19. Qb6 Bc7 20. Qb4 Qxb4+ 21. axb4 Rxa1+ 22. Bxa1 f4 23. O-O Ra8 24. Ng5 Bd5 25. Bd4 h6 26. Rc1 Be5 27. Bf3 Bb3 28. Bxb7 Rb8 29.
Be4 fxe3 30. Bxe3 Nf4 31. Rc5 Bd6 32. Rc6 Be5 33. Nf3 Ba4 34. Nxe5 Bxc6 35. Nxc6 Re8 36.
f3 Ne2+ 37. Kf2 Nc3 38. Bd3 Ra8 39. Bc4+ Kh8 40. Bd4 Na4 41. b5 Rc8 42. Bb3 Ra8 43.
Bxa4 Rxa4 44. b6 Ra2+ 45. Kg3 Ra3 46. b7 1-0

[Event "*** Titled Tuesday 3|2 Blitz"]
[Site "Chess.com"]
[Date "2015.12.01"]
[Round "2"]
[White "RitvarsReimanis"]
[Black "Thomaslegend"]
[Result "1-0"]
[WhiteElo "2297"]
[BlackElo "2147"]
[TimeControl "180+2"]
[EndTime "11:21:15 PST"]
[Termination "RitvarsReimanis won by resignation"]

1. d4 Nf6 2. c4 g6 3. Nc3 d5 4. cxd5 Nxd5 5. e4 Nxc3 6. bxc3 Bg7 7. Nf3 c5 8. Be3 O-O 9. Be2 b6 10. O-O Bb7 11. Qc2 Nd7 12. Rfd1 Qc8 13. Rac1 cxd4 14. Bxd4 e5 15. Be3 Nc5 16. Nd2 Rd8 17. f3 Ba6 18. Nc4 Rxd1+ 19. Rxd1 Nxe4 20. Qxe4 Bb7 21. Qh4 Qe6 22. Rd8+ Rxd8 23. Qxd8+ Bf8 24.
Bh6 Qe7 25. Qxf8+ Qxf8 26. Bxf8 Kxf8 27. Nxe5 Ke7 28. Kf2 f6 29. Nc4 Ke6 30. Ke3 Kd5 31. Nd2 f5 32. Bc4+ Kc5 33. Bg8 h6 34. Nb3+ Kb5 35.
Kd4 g5 36. Bh7 f4 37. Nd2 Ka4 38. Bg8 b5 39. Ne4 Ka3 40. Nc5 Bc8 41. Nd3 a5 42. g3 fxg3 43. hxg3 Bf5 44. f4 gxf4 45. gxf4 h5 46. Bd5 h4 47. Nf2 h3 48. Kc5 b4 49.
cxb4 axb4 50. Kd4 Bb1 51. Nxh3 Bxa2 52. Bxa2 Kxa2 53. Nf2 b3 54. Nd3 1-0

[Event "*** Titled Tuesday 3|2 Blitz"]
[Site "Chess.com"]
[Date "2015.12.01"]
[Round "2"]
[White "Chopper1905"]
[Black "LuckyTiger"]
[Result "0-1"]
[WhiteElo "2626"]
[BlackElo "2481"]
[TimeControl "180+2"]
[EndTime "11:21:26 PST"]
[Termination "LuckyTiger won on time"]

1. c4 Nf6 2. Nf3 c5 3. d4 cxd4 4. Nxd4 e5 5. Nb5 d5 6. cxd5 Bc5 7. g3 Qb6 8. e3 O-O 9. N5c3 Bf5 10. Bg2 e4 11. Nd2 Re8 12. a3 Nbd7 13. b4 Bxe3 14. fxe3 Qxe3+ 15. Ne2 Ne5 16. Nxe4 Nd3+ 17. Kf1 Qb6 18.
Qxd3 Nxe4 19. Qd4 Qa6 20. Bb2 Nf6 21. Bf3 Rac8 22. Rc1 Rcd8 23. Qc4 Qd6 24. Qc5 Qa6 25. b5 Qa4 26. Bxf6 Rc8 27. Qxc8 Rxc8 28. Rxc8+ Bxc8 29. Bd4 Qxb5 30. Kf2 Bd7 31. Rc1 h5 32. Bxa7 Qd3 33. Rc3 Qd1 34. Be3 Bh3 35. Rc1 Qd3 0-1

[Event "*** Titled Tuesday 3|2 Blitz"]
[Site "Chess.com"]
[Date "2015.12.01"]
[Round "2"]
[White "THORK"]
[Black "Grootneus"]
[Result "1-0"]
[WhiteElo "2207"]
[BlackElo "2017"]
[TimeControl "180+2"]
[EndTime "11:21:29 PST"]
[Termination "THORK won by resignation"]

1. f4 d5 2. Nf3 Nf6 3. e3 g6 4.
d3 Bg7 5. Be2 O-O 6. O-O c5 7.
Nc3 Nc6 8. e4 dxe4 9. dxe4 Bg4 10. e5 Ne8 11. Ne4 b6 12. c3 Nc7 13. Nf2 Be6 14. Ng5 Qxd1 15. Rxd1 Rad8 16. Nxe6 Nxe6 17.
Be3 Bh6 18. g3 Nxe5 19. a4 Ng7 20. Ne4 Nf5 21. Bf2 Nc6 22. Bf3 Na5 23. b4 Nb3 24. Rab1 c4 25. Be2 Rc8 26. Nd2 Nxd2 27. Rxd2 Bg7 28.
Rc1 Nd6 29. Bf3 Rfd8 30. Rcc2 Nf5 31. g4 Rxd2 32. Rxd2 Nd6 33. Rc2 Rd8 34. Kf1 f5 35.
g5 Ne4 36. Be1 Rd3 37. Be2 Rh3 38. Bxc4+ Kf8 39. Bd5 Rf3+ 40. Ke2 Rxf4 41. c4 Nxg5 42. c5 e6 43. c6 exd5 44. c7 Re4+ 45. Kd3 Rd4+ 46.
Ke2 Re4+ 47. Kf1 Re8 48. c8=Q Rxc8 49. Rxc8+ Kf7 50. Rc7+ Kf6 51. Rxa7 Nf3 52. b5 Bh6 53. Bf2 Nxh2+ 54. Ke2 g5 55. Bxb6 g4 56. Bd4+ Kg6 57.
Ra6+ Kh5 58. Rxh6+ Kxh6 59. b6 Nf3 60. Be3+ Kg6 61. b7 f4 62. b8=Q fxe3 63. Qd6+ Kg5 64. Qxd5+ Kh4 65. Kxe3 Ng5 66. Qh1+ Nh3 67. a5 g3 68. a6 Kg4 69. a7 Nf2 70. Qf3+ Kh3 71. Qxf2 gxf2 72. Kxf2 Kh2 73. a8=Q 1-0

[Event "*** Titled Tuesday 3|2 Blitz"]
[Site "Chess.com"]
[Date "2015.12.01"]
[Round "2"]
[White "HansCoolNiemann"]
[Black "tigra"]
[Result "0-1"]
[WhiteElo "2167"]
[BlackElo "1915"]
[TimeControl "180+2"]
[EndTime "11:21:34 PST"]
[Termination "tigra won on time"]

1. d4 e6 2. c4 Nf6 3. Nc3 c5 4. d5 exd5 5. cxd5 d6 6. Nf3 g6 7. Bf4 Nh5 8. Bg5 f6 9. Bc1 Be7 10. e4 O-O 11. Be2 f5 12. O-O a6 13. a4 Bf6 14.
Nd2 Ng7 15. Nc4 g5 16. exf5 Nxf5 17. Bg4 b6 18. Ra3 Ra7 19. Ne4 Be7 20. Rh3 Rf7 21. Qd2 b5 22. axb5 axb5 23. Na3 Nd4 24. Bxc8 Qxc8 25.
Nxg5 Rg7 26. Rg3 Bxg5 27. Rxg5 Nf3+ 28. gxf3 Rxg5+ 29. Kh1 Rag7 30. Qxg5 Rxg5 31. Bxg5 Qh3 32. Rg1 Qxf3+ 33. Rg2 Qb3 34. h4 Kf7 35. f4 Nd7 36.
Nc2 Nb6 37. Bh6 Nxd5 38. Ne1 Qd1 39. Rg1 Qe2 40. Ng2 Qxb2 41. Re1 Qf2 42. Bg5 b4 43. Rd1 Qf3 44. Ra1 Ne3 45. Ra7+ Kg6 46. f5+ Nxf5 47. Kh2 Qe2 48. Kh3 Qf3+ 49. Kh2 Qg3+ 50. Kh1 Kh5 51.
Rxh7+ Kg4 52. Rf7 Qf2 53. Kh2 Qg3+ 54. Kh1 b3 0-1

[Event "*** Titled Tuesday 3|2 Blitz"]
[Site "Chess.com"]
[Date "2015.12.01"]
[Round "2"]
[White "GeorgMeier"]
[Black "olomi007"]
[Result "1-0"]
[WhiteElo "2623"]
[BlackElo "2426"]
[TimeControl "180+2"]
[EndTime "11:21:38 PST"]
[Termination "GeorgMeier won by resignation"]

1. Nf3 g6 2. e4 Bg7 3. d4 d6 4. Bc4 Nf6 5. Qe2 Nc6 6. c3 e5 7. dxe5 Nxe5 8. Nxe5 dxe5 9. O-O O-O 10. Be3 Qe7 11.
f3 Be6 12. Nd2 Rfd8 13. Rad1 Nh5 14. Bxe6 Qxe6 15. Qc4 Qxc4 16. Nxc4 b6 17. a4 Nf4 18.
Kf2 Ne6 19. Ke2 f6 20. b4 Kf7 21. g4 Bf8 22. h4 a6 23. Rd5 b5 24. axb5 axb5 25.
Na5 c5 26. Rxd8 Nxd8 27. Rb1 cxb4 28. cxb4 Bxb4 29. Rxb4 Rxa5 30. Bb6 Ra2+ 31. Ke3 Nc6 32. Rxb5 Ra3+ 33. Kf2 Ra2+ 34. Kg3 Nd4 35. Bxd4 exd4 36. Rb7+ Ke6 37. Rxh7 d3 38. Rh8 Ke7 39. Rb8 d2 40.
Rb1 Kd6 41. Kf4 Kc5 42. Ke3 Kc4 43. Rd1 Kc3 44. h5 gxh5 45. gxh5 Ra5 46. Rxd2 Rxh5 47. Rd6 f5 48. Rd5 Kc4 49. Rxf5 Rh1 50. Rd5 Rh4 51. Rd2 Kc5 52. e5 Kc6 53. f4 1-0

[Event "*** Titled Tuesday 3|2 Blitz"]
[Site "Chess.com"]
[Date "2015.12.01"]
[Round "2"]
[White "oskariot"]
[Black "chessloveyou"]
[Result "0-1"]
[WhiteElo "2243"]
[BlackElo "2147"]
[TimeControl "180+2"]
[EndTime "11:21:47 PST"]
[Termination "chessloveyou won by resignation"]

1. e4 c6 2. d4 d5 3. e5 Bf5 4.
Nd2 h5 5. Nb3 Qb6 6. Nf3 e6 7.
Be2 Ne7 8. O-O Nd7 9. a4 Qd8 10.
a5 Bg4 11. c4 Nf5 12. a6 b6 13. cxd5 exd5 14. Bg5 Be7 15. Bxe7 Qxe7 16. Rc1 Rc8 17. h3 Rh6 18. Qd3 Nh4 19. Nxh4 Qxh4 20. Nd2 Bxe2 21.
Qxe2 Qxd4 22. Kh1 Qxe5 23. Qd3 Kf8 24. b4 Kg8 25. Rfe1 Qd6 26. Rb1 Re6 27. Rf1 Rce8 28. Nf3 Ne5 29. Nxe5 Qxe5 30. Rbc1 Qb2 31. Rb1 Qe2 32.
Qg3 Qxa6 33. b5 cxb5 34. Qd3 Re5 35. Rxb5 Re1 36. Rxe1 Rxe1+ 37. Kh2 Re5 38. Qb3 Qb7 39. Qc2 Qb8 40. g3 Qe8 41. Rb2 d4 42. Qd2 Rd5 43. Qd3 Qe5 44. Re2 Qb8 45. Re7 h4 46. Qf3 hxg3+ 47.
Kg2 Qf8 48. Rxa7 Rd8 49. fxg3 d3 50. Ra1 d2 51. Rd1 Qc5 52. Kf1 Qc4+ 53. Kf2 Qd4+ 54. Kf1 Qd3+ 55. Qxd3 Rxd3 56. Ke2 Rxg3 57. Rxd2 Rg2+ 58.
Ke1 0-1

[Event "*** Titled Tuesday 3|2 Blitz"]
[Site "Chess.com"]
[Date "2015.12.01"]
[Round "2"]
[White "pKiLz5Rn9b"]
[Black "Anton_Demchenko"]
[Result "1/2-1/2"]
[WhiteElo "2468"]
[BlackElo "2661"]
[TimeControl "180+2"]
[EndTime "11:21:49 PST"]
[Termination "Game drawn by agreement"]

1. e4 e5 2. Nf3 Nc6 3. Bc4 d6 4. h3 Be7 5. O-O Nf6 6. Nc3 O-O 7. d4 exd4 8. Nxd4 Ne5 9. Bb3 c6 10. f4 Ng6 11. a4 Re8 12. Qd3 Bf8 13. Bd2 Qc7 14.
Rae1 Bd7 15. Kh1 Rad8 16. Qg3 Bc8 17. f5 Ne5 18. Bg5 Qe7 19. Nf3 Kh8 20. Qh4 h6 21. Bxf6 Qxf6 22. Qxf6 gxf6 23. Nxe5 Rxe5 24. Bxf7 Kg7 25.
Bb3 Rde8 26. Rd1 a6 27. Bc4 b5 28. Bd3 h5 29. axb5 axb5 30. Na2 Bd7 31. Nc3 Kh6 32. Nb1 d5 33. exd5 Rxd5 34. Nc3 Rde5 35. Bxb5 cxb5 36. Rxd7 Rc8 37. Rf2 Re1+ 38. Kh2 Rc6 39. g3 Bd6 40. Nd5 Be5 41. Ne7 h4 42. Nxc6 hxg3+ 43. Kg2 gxf2 44.
Kxf2 Bxb2 45. Rd5 Rc1 46. Rxb5 Rxc2+ 47. Kf3 Rxc6 48. Rxb2 Rc3+ 49. Kg4 Rc4+ 50. Kg3 Rc3+ 51. Kg4 Rc4+ 52. Kg3 1/2-1/2

[Event "*** Titled Tuesday 3|2 Blitz"]
[Site "Chess.com"]
[Date "2015.12.01"]
[Round "2"]
[White "Tirantes"]
[Black "yopino"]
[Result "1/2-1/2"]
[WhiteElo "2229"]
[BlackElo "2223"]
[TimeControl "180+2"]
[EndTime "11:22:02 PST"]
[Termination "Game drawn by agreement"]

1. c4 c5 2. g3 g6 3. Bg2 Bg7 4. Nc3 Nc6 5. Nf3 e5 6. O-O Nge7 7. Ne1 d6 8. Nc2 Be6 9. Ne3 Rb8 10. d3 O-O 11. Ned5 h6 12. Bd2 Kh7 13. Rb1 a5 14. a3 f5 15. b4 axb4 16. axb4 b6 17. bxc5 bxc5 18. Rxb8 Qxb8 19. Nxe7 Nxe7 20. Qa4 f4 21. Rb1 Qd8 22. Ne4 Nf5 23. e3 fxe3 24. fxe3 h5 25. Rb7 Kh8 26. Qd1 Bh6 27. Qe2 Qa8 28. Rb1 Qa2 29. Re1 Qc2 30. Nf2 Rb8 31. Ba5 Qxe2 32.
Rxe2 Rb1+ 33. Re1 Rxe1+ 34. Bxe1 Nxe3 35. Be4 Nf5 36. Bc3 Kg7 37. Kf1 Kf7 38. Ke2 Ke7 39.
Bd5 Bd7 40. Ne4 Ng7 41. Kf3 Bg4+ 42. Kf2 Ne6 43. Kg2 Nd4 44. Bxd4 cxd4 45. Kf2 Be3+ 46.
Ke1 Bh3 47. Ke2 Bg2 48. Ke1 Bg1 49. h4 Be3 50. Ke2 Bh3 51. Ke1 Bg4 52. Bg8 Bf5 53.
Bd5 Bc1 54. Ke2 Ba3 55. Ke1 Bb4+ 56. Ke2 Kd7 57. Ng5 Bg4+ 58. Kf2 Bd2 59. Ne4 Be3+ 60. Ke1 Bf5 61. Ke2 Kc7 62. Nf6 Kb6 63. Ne8 Kc5 64.
Nf6 Kb4 65. Ne4 Bxe4 66. Bxe4 g5 67. hxg5 Bxg5 68. Bf3 h4 69. gxh4 Bxh4 70. Be4 Kc3 71. Bd5 Bg5 72. Be4 Bf4 73. Bd5 Bg5 1/2-1/2

[Event "*** Titled Tuesday 3|2 Blitz"]
[Site "Chess.com"]
[Date "2015.12.01"]
[Round "2"]
[White "VSERGUEI"]
[Black "MITerryble"]
[Result "1/2-1/2"]
[WhiteElo "2456"]
[BlackElo "2608"]
[TimeControl "180+2"]
[EndTime "11:22:12 PST"]
[Termination "Game drawn by repetition"]

1. d4 e6 2. c4 Bb4+ 3. Nd2 Nf6 4.
g3 O-O 5. Bg2 d5 6. Nf3 dxc4 7.
O-O Bxd2 8. Bxd2 Nc6 9. Bg5 Rb8 10. Qc1 b5 11. a4 a6 12. axb5 axb5 13. Rd1 Bb7 14. Ne5 Nb4 15. Bxb7 Rxb7 16. Ng4 Nbd5 17. e4 Qc8 18. Bxf6 Nxf6 19. Nxf6+ gxf6 20. Qh6 Qd8 21. Ra3 Kh8 22. Rf3 Rg8 23. Rxf6 Rg7 24. d5 b4 25. Kg2 Rb8 26. Qf4 Qd7 27. Qe5 Kg8 28. Rd4 exd5 29. Rxd5 Qe8 30. Qd4 c3 31. bxc3 b3 32. Qd3 b2 33. Qb1 Qe7 34. Ra6 Rg6 35. Ra2 Rgb6 36. Rd2 Qe5 37. Raxb2 Rxb2 38. Rxb2 Rxb2 39. Qxb2 Qxe4+ 40. Kg1 Qe1+ 41. Kg2 Qe4+ 42. f3 Qe3 43. Qb8+ Kg7 44.
Qxc7 Qe2+ 45. Kg1 Qe1+ 46. Kg2 Qe2+ 47. Kh3 Qxf3 48. Qe5+ f6 49. Qd4 h5 50. c4 Kg6 51.
c5 Qf1+ 52. Kh4 Qe2 53. h3 Qf3 54. Qf4 Qd5 55. g4 Qxc5 56. Qe4+ Kh6 57. Qf4+ Kg6 58.
Qe4+ Kh6 59. Qf4+ Kg6 60. Qe4+ Kh6 61. Qf4+ Kg6 1/2-1/2

[Event "*** Titled Tuesday 3|2 Blitz"]
[Site "Chess.com"]
[Date "2015.12.01"]
[Round "2"]
[White "chessmaxusa"]
[Black "petrpalachev"]
[Result "0-1"]
[WhiteElo "2320"]
[BlackElo "2325"]
[TimeControl "180+2"]
[EndTime "11:22:14 PST"]
[Termination "petrpalachev won by resignation"]

1. d4 Nf6 2. Nf3 d5 3. Bf4 c5 4.
e3 Nc6 5. c3 Qb6 6. Qb3 c4 7.
Qc2 Bf5 8. Qc1 h6 9. h3 e6 10. Nbd2 Qd8 11. Be2 Be7 12. O-O O-O 13. b3 b5 14. Qb2 Bd6 15. Ne5 Qc7 16. Nxc6 Bxf4 17. exf4 Qxc6 18. a4 a6 19. Kh2 Rfc8 20. b4 Rcb8 21.
axb5 axb5 22. Ra5 Qc7 23. g3 Rxa5 24. bxa5 Qxa5 25. Ra1 Qb6 26. Qb4 Qc7 27. Ra5 Bc2 28. Rxb5 Rxb5 29. Qxb5 Be4 30. Bd1 g5 31. fxg5 hxg5 32.
Qb2 Bg6 33. Nf3 Bh5 34. Kg2 Bxf3+ 35. Bxf3 Kg7 36. Qd2 Nh7 37. Bd1 Qe7 38. Bc2 Nf8 39.
Qe3 f6 40. f4 gxf4 41. gxf4 f5 42. Qe5+ Qf6 43. Qxf6+ Kxf6 44. Kg3 Nd7 45. h4 Kg6 46.
Bd1 Nf6 47. Bf3 Ne4+ 48. Bxe4 dxe4 49. Kg2 Kh6 50. Kh2 Kh5 51. Kh3 e3 52. Kg3 e2 53.
Kf2 Kxh4 54. Kxe2 Kg3 55. Ke3 Kg4 56. d5 exd5 57. Kd4 Kxf4 58. Kxd5 Ke3 59. Kxc4 f4 60. Kd5 f3 61. c4 f2 62. c5 f1=Q 63. c6 Qf8 64. c7 Qc8 65. Kd6 Ke4 0-1

[Event "*** Titled Tuesday 3|2 Blitz"]
[Site "Chess.com"]
[Date "2015.12.01"]
[Round "2"]
[White "JustKid"]
[Black "AdrianaNikolova"]
[Result "0-1"]
[WhiteElo "2116"]
[BlackElo "2249"]
[TimeControl "180+2"]
[EndTime "11:22:36 PST"]
[Termination "AdrianaNikolova won by resignation"]

1. d4 Nf6 2. Nf3 e6 3. g3 d5 4. c4 Be7 5. Bg2 O-O 6. O-O dxc4 7. Ne5 Nc6 8. Bxc6 bxc6 9. Nxc6 Qe8 10. Nxe7+ Qxe7 11. Qa4 c5 12. Qa3 Bb7 13. Qxc5 Qd7 14. Qxc4 Rac8 15. Qd3 Be4 16. Qe3 Bb7 17. Nc3 Nd5 18.
Nxd5 Qxd5 19. f3 Rfd8 20. Bd2 Qxd4 21. Qxd4 Rxd4 22. Bc3 Rd5 23. Kf2 Rcd8 24. Rfc1 f6 25. Bb4 R8d7 26. Rc2 Kf7 27. Rac1 e5 28. a4 Rd4 29.
Rc7 Ke6 30. Rxd7 Rxd7 31. Bc3 Bc6 32. a5 Bb5 33. Be1 a6 34. Rc8 Kf7 35. Bc3 Rd1 36. Rc7+ Kg6 37. h4 h5 38. e4 Rf1+ 39. Kg2 Be2 40. Bb4 Rxf3 41. Bf8 f5 42. Rc2 Bd3 43.
Rc6+ Kh7 44. exf5 Be4 45. Rd6 Rxf5+ 46. Kh2 Rxf8 47. Rxa6 Rf2+ 48. Kg1 Rxb2 49. Re6 Rg2+ 50. Kf1 Rxg3 51. Rxe5 Bd3+ 52. Kf2 Rg4 53. Rxh5+ Kg6 54. Rd5 Bc4 55. h5+ Kh6 56. Rc5 Bf7 57. a6 Ra4 58. Rc6+ Kxh5 59. Rc7 Kg6 60. a7 Kf6 61. Ke3 Be6 62.
Rb7 g5 63. Rc7 Ke5 64. Kf2 Kf4 65. Rg7 Bf5 66. Rf7 g4 67. Ke2 Ra2+ 68. Kd1 g3 69. Ke1 g2 70. Rg7 Kf3 71. Rg5 Be4 72. Rg7 Rxa7 0-1

[Event "*** Titled Tuesday 3|2 Blitz"]
[Site "Chess.com"]
[Date "2015.12.01"]
[Round "2"]
[White "VMikhalevski"]
[Black "ChadaevNikolay"]
[Result "0-1"]
[WhiteElo "2434"]
[BlackElo "2559"]
[TimeControl "180+2"]
[EndTime "11:22:40 PST"]
[Termination "ChadaevNikolay won on time"]

1. Nf3 Nf6 2. g3 b5 3. Bg2 Bb7 4. d3 e6 5. O-O c5 6. e4 d6 7.
e5 dxe5 8. Nxe5 Bxg2 9. Kxg2 Nbd7 10. Nxd7 Qxd7 11. a4 bxa4 12. Nc3 a3 13. b3 Be7 14.
Bxa3 O-O 15. Qf3 Rfd8 16. Rfe1 h6 17. Bb2 Rab8 18. Ne4 Nd5 19. Be5 Rb7 20. Ra5 Rc8 21. Rea1 f5 22. Nd2 Nb4 23. Rc1 Nc6 24. Nc4 Nxa5 25.
Nxa5 Rb6 26. Nc4 Ra6 27. Re1 Qc6 28. Bb2 Qxf3+ 29. Kxf3 Bf6 30. Be5 Rcc6 31. h3 Ra2 32. Re2 a5 33. g4 fxg4+ 34. hxg4 a4 35. bxa4 Rxa4 36. Ke4 Rca6 37. f4 Rb4 38. Rg2 Rb1 39. Bd6 Re1+ 40. Kf3 Bd4 41. Be5 Raa1 42. g5 Rf1+ 43. Ke2 Rg1 44. Rxg1 Rxg1 45. gxh6 gxh6 46. Kf3 h5 47. c3 Bxe5 48. Nxe5 Kg7 49. Kf2 Rc1 50. c4 Kf6 51. Nd7+ Kf5 52. Nxc5 h4 53. Nb3 Rc3 54. Nd4+ Kg4 55. Nxe6 h3 56. Nd4 Rxd3 57. Ne2 Rd2 0-1

[Event "*** Titled Tuesday 3|2 Blitz"]
[Site "Chess.com"]
[Date "2015.12.01"]
[Round "2"]
[White "motivated_bishop"]
[Black "Haridaskesavan"]
[Result "1/2-1/2"]
[WhiteElo "2239"]
[BlackElo "2079"]
[TimeControl "180+2"]
[EndTime "11:22:46 PST"]
[Termination "Game drawn by repetition"]

1. d4 g6 2. c4 Bg7 3. e4 e6 4.
Nc3 Ne7 5. Nf3 d5 6. cxd5 exd5 7.
e5 c5 8. dxc5 Nbc6 9. Bb5 O-O 10. Bxc6 bxc6 11. O-O Bg4 12. Re1 Qa5 13. Qa4 Qxa4 14.
Nxa4 Rab8 15. Bd2 Bxf3 16. gxf3 Nf5 17. Rac1 Nh4 18. Rc3 Rfe8 19. f4 Nf5 20. Rd3 Rb5 21.
b4 Bf8 22. a3 a5 23. Nc3 Rb7 24. Ne2 Ng7 25. Nd4 Rc8 26. Rc1 axb4 27. axb4 Ra7 28. Rb3 Ra2 29. Be3 Ne6 30. Nxe6 fxe6 31. b5 cxb5 32. Rxb5 Ra4 33. c6 Rc4 34. Rxc4 dxc4 35. Rb6 c3 36. Kf1 c2 37. Ra6 Bc5 38. Ra1 Bxe3 39. fxe3 Kf8 40. Ke2 Rxc6 41. Kd2 g5 42. Rc1 gxf4 43. exf4 Rc4 44. Rxc2 Rxf4 45. Ke3 Rh4 46.
Kf3 Kf7 47. Kg3 Re4 48. Rf2+ Kg7 49. Ra2 Rxe5 50. Kf4 Rf5+ 51. Kg4 Kf6 52. Ra7 h5+ 53. Kh4 Kg6 54. Re7 Rf4+ 55. Kg3 Re4 56. Kf3 Re1 57.
h4 Kf6 58. Rh7 Re5 59. Kf4 Rf5+ 60. Ke4 Ra5 61. Rh6+ Ke7 62. Kf4 Rf5+ 63. Ke4 Kd6 64. Rg6 Ra5 65. Kf3 Ra4 66. Kg3 Ra5 67. Kf4 Rf5+ 68.
Ke4 Re5+ 69. Kf4 Rf5+ 70. Ke4 Ra5 71. Kf4 Rf5+ 72. Ke4 Re5+ 73. Kf4 Rf5+ 74. Ke4 1/2-1/2

[Event "*** Titled Tuesday 3|2 Blitz"]
[Site "Chess.com"]
[Date "2015.12.01"]
[Round "2"]
[White "MateusViageiro"]
[Black "KNVB"]
[Result "0-1"]
[WhiteElo "2295"]
[BlackElo "2335"]
[TimeControl "180+2"]
[EndTime "11:22:53 PST"]
[Termination "KNVB won on time"]

1. e4 e6 2. Qe2 Nc6 3. f4 Nd4 4. Qd1 d5 5. c3 Nc6 6. e5 d4 7.
Bb5 Qd5 8. Bxc6+ Qxc6 9. Nf3 d3 10. O-O b6 11. Kh1 Bb7 12. a4 Nh6 13. a5 b5 14. Na3 Ng4 15. h3 h5 16. Qb3 a6 17.
c4 b4 18. Nb1 Rd8 19. Qa4 Bc5 20. Qxc6+ Bxc6 21. b3 Ke7 22. Bb2 f6 23. exf6+ gxf6 24. Nh4 Rdg8 25. f5 e5 26. Ng6+ Rxg6 27. fxg6 Nf2+ 28.
Kh2 h4 29. Nc3 bxc3 30. Bxc3 Ne4 31. b4 Nxc3 32. dxc3 Be3 33. Rab1 d2 34. b5 Be4 35. Rb2 Rg8 36. Rd1 Rxg6 37. Rdxd2 Bxd2 38. Rxd2 Rg8 39. Rb2 Bd3 40. bxa6 Ra8 41. Rb7 Kd7 42. a7 Bxc4 43. Rb4 Bd5 44. Rxh4 Rxa7 45. Ra4 f5 46. g4 f4 47. g5 Ke6 48. c4 Bc6 49. Ra3 Kf5 50. h4 Kg4 51. g6 Ra8 52. a6 e4 53.
a7 e3 54. Ra6 e2 55. Ra1 f3 56. Rg1+ Kf4 57. g7 f2 58. g8=Q Rxg8 59. Rxg8 f1=Q 60. Rf8+ Ke5 61. Re8+ Kd6 0-1

[Event "*** Titled Tuesday 3|2 Blitz"]
[Site "Chess.com"]
[Date "2015.12.01"]
[Round "2"]
[White "Blitzstream"]
[Black "Goala"]
[Result "0-1"]
[WhiteElo "2401"]
[BlackElo "2253"]
[TimeControl "180+2"]
[EndTime "11:22:57 PST"]
[Termination "Goala won by resignation"]

1. d4 e6 2. e4 d5 3. Nd2 Nf6 4. e5 Nfd7 5. c3 c5 6. Bd3 Nc6 7. Ngf3 g6 8. h4 h6 9. O-O g5 10. h5 cxd4 11. cxd4 g4 12. Nh2 Nxd4 13. Nxg4 Qh4 14.
Nb3 Nc6 15. Bf4 Rg8 16. Be2 Rxg4 17. Bxg4 Ndxe5 18. Bxe5 Nxe5 19. Bh3 Bd6 20. f4 Nc4 21. Qe1 Qxh5 22. Qg3 Ke7 23. Rae1 Bd7 24. Nd4 Bc5 25. Qc3 Bb6 26. Kh2 Rg8 27. Nf5+ Kd8 28. b3 exf5 29. bxc4 d4 30. Qb4 Bc6 31. Qe7+ Kc8 32. Re2 Kb8 33. Qe5+ Ka8 34. Qxf5 Qh4 35. Rfe1 d3 36. Qxd3 a6 37. a3 Bc7 38. g3 Qf6 39. Bg2 Bxg2 40.
Kxg2 Bxf4 41. Re8+ Rxe8 42. Rxe8+ Bb8 43. Qd8 Qc6+ 44.
Kh3 Qh1+ 45. Kg4 h5+ 46. Kf5 Qf3+ 47. Kg5 Qxg3+ 48. Kf6 Qg6+ 49. Ke7 Qe6+ 50. Kf8 Qh6+ 51. Kxf7 Qf4+ 52. Kg6 h4 53. Rh8 Qg3+ 54. Kf5 h3 55.
Qh4 Qe5+ 56. Kg6 Qe6+ 57. Qf6 Qe4+ 58. Kf7 h2 59. Qd8 Qf4+ 60. Kg6 Qg3+ 61. Kf5 h1=Q 62. Rxh1 Qf3+ 63. Ke6 Qxh1 64. Qd5 Qh3+ 65. Ke7 Qxa3+ 66.
Kd8 Qf8+ 67. Kd7 Qg7+ 68. Kd8 Qc7+ 69. Ke8 Qc6+ 70. Qxc6 bxc6 71. Kd7 Kb7 72. Ke6 Kb6 0-1

[Event "*** Titled Tuesday 3|2 Blitz"]
[Site "Chess.com"]
[Date "2015.12.01"]
[Round "2"]
[White "Tobi-Wan-Kenobi"]
[Black "SlovenskiZmaj"]
[Result "1/2-1/2"]
[WhiteElo "2351"]
[BlackElo "2315"]
[TimeControl "180+2"]
[EndTime "11:23:04 PST"]
[Termination "Game drawn by repetition"]

1. d4 f5 2. g3 d6 3. Bg2 Nf6 4. Nf3 g6 5. O-O Bg7 6. b3 O-O 7. Bb2 Na6 8. Nbd2 c6 9. c4 Qe8 10. Qc2 h6 11. a3 g5 12. e4 fxe4 13. Nxe4 Nxe4 14. Qxe4 Bf5 15. Qe3 Qd7 16. Rfe1 Rf7 17. b4 Raf8 18. Nd2 Nc7 19. Rac1 a6 20. Bc3 Bg4 21. f3 Bh5 22. Rf1 d5 23. c5 Bg6 24.
a4 e6 25. Rce1 Bf5 26. f4 gxf4 27. Rxf4 Bc2 28. Rxf7 Qxf7 29. Bh3 Bxa4 30. Bxe6 Nxe6 31. Qxe6 Qxe6 32. Rxe6 Bc2 33. Re7 Rf7 34. Re8+ Rf8 35. Re7 Rf7 36. Re8+ Kh7 37. Kg2 Kg6 38. h3 h5 39.
Re6+ Kh7 40. Re8 Kg6 41. Re6+ Kh7 42. g4 hxg4 43. hxg4 Bh6 44. Nf1 Be4+ 45. Kg1 Bf4 46. Bd2 Kg7 47. Bxf4 Rxf4 48. Re7+ Kf6 49. Rxb7 Rxg4+ 50. Kf2 Bd3 51. Nd2 Bb5 52. Nf3 Re4 53. Rb6 Ke7 54.
Kg3 Kd7 55. Rb7+ Kc8 56. Rf7 Be2 57. Rf4 Re3 58. Kf2 Rxf3+ 59. Rxf3 Bxf3 60. Kxf3 Kd7 61. Kf4 Ke8 62. Kf5 Kf7 63. Ke5 Ke7 64. Kf5 Kf7 65.
Kg5 Kg7 66. Kh5 Kf6 67. Kg4 Kg6 68. Kf4 Kf6 69. Kg4 Kg6 70. Kf4 Kf6 71. Kg4 Kg6 1/2-1/2

[Event "*** Titled Tuesday 3|2 Blitz"]
[Site "Chess.com"]
[Date "2015.12.01"]
[Round "2"]
[White "amaidel"]
[Black "Boryboy"]
[Result "1-0"]
[WhiteElo "2396"]
[BlackElo "2522"]
[TimeControl "180+2"]
[EndTime "11:23:15 PST"]
[Termination "amaidel won by resignation"]

1. e4 e6 2. d4 d5 3. exd5 exd5 4. Nf3 Nf6 5. Be2 c6 6. O-O Bd6 7. c4 O-O 8. Nc3 h6 9. cxd5 cxd5 10. Ne5 Nc6 11.
Bf3 Be6 12. Re1 a6 13. Bf4 Re8 14. Nxc6 bxc6 15. Bxd6 Qxd6 16. Na4 Rab8 17. b3 Rb4 18. Rc1 Qf4 19. Rxc6 Rxd4 20. Qc1 Qxc1 21. Rexc1 a5 22. Ra6 Rd2 23. a3 Ra2 24. Rxa5 Rxa3 25. b4 Rb8 26. Nc5 Ra8 27. Rxa3 Rxa3 28. b5 Ra2 29. b6 Rb2 30. b7 Kh7 31. h3 h5 32. Ra1 Nd7 33. Nxd7 Rxb7 34. Nc5 Rc7 35. Nxe6 fxe6 36. Bxh5 Rc6 37.
Bg4 Kg6 38. Re1 Kf6 39. f4 Rd6 40. Kf2 d4 41. Ke2 e5 42. fxe5+ Kxe5 43. Kd3+ Kf4 44. Bf3 Kg5 45. Re4 Rb6 46. Rxd4 Rb2 47. Ke3 Rb6 48. Kf2 Ra6 49. Kg3 Rb6 50. Rd5+ Kh6 51. Rc5 Rb8 52.
Kh4 Rb4+ 53. g4 Rd4 54. Kg3 Kg6 55. h4 Rb4 56. Rf5 Rd4 57. Rf4 Rd2 58. Rc4 Kf6 59. Kf4 Ra2 60. Rc6+ Ke7 61. h5 Ra5 62. Be4 Rb5 63.
g5 Rb8 64. Rc7+ Kf8 65. Bd5 Rd8 66. Ke5 Re8+ 67. Be6 Rb8 68. Rc8+ Rxc8 69. Bxc8 Kf7 70. Bf5 Kg8 71. Kd6 Kh8 72. Ke7 Kg8 73. Be6+ Kh7 74. Kf7 Kh8 75. h6 g6 76. Bg4 Kh7 77. Bf3 Kh8 78.
Kxg6 Kg8 79. Kf6 Kh8 80. g6 Kg8 81. Bd5+ 1-0